 Dungeon Crawl Stone Soup version 0.28.0 (webtiles) character file.

Game seed: 1230908063197485970

325 issech the Cudgeller (level 6, 0/61 HPs)
             Began as a Troll Monk on Feb 6, 2022.
             Succumbed to a gnoll's poison
             ... on level 2 of the Dungeon.
             The game lasted 00:10:07 (2112 turns).

issech the Cudgeller (Troll Monk)                   Turns: 2112, Time: 00:10:07

Health: 0/61       AC:  4    Str: 20    XL:     6   Next: 24%
Magic:  5/5        EV: 11    Int:  6    God:
Gold:   50         SH:  0    Dex: 14    Spells: 5/5 levels left

rFire   + . .      SeeInvis .   a - +0 mace
rCold   + . .      Faith    .   (no shield)
rNeg    . . .      Spirit   .   b - +0 robe
rPois   +          Reflect  .   (helmet restricted)
rElec   +          Harm     .   (no cloak)
rCorr   +          Rampage  .   (gloves unavailable)
Will    .....                   (boots unavailable)
Stlth   ++........              (no amulet)
HPRegen 1.00/turn               (no ring)
MPRegen 0.09/turn               (no ring)

@: mighty, lethally poisoned (0 -> -7), resistant
A: large, unfitting armour, claws 3, regeneration 1, shaggy fur 1, tough skin 1
a: no special abilities


You were on level 2 of the Dungeon.
You visited 1 branch of the dungeon, and saw 3 of its levels.

You collected 50 gold pieces.

Inventory:

Hand Weapons
 a - a +0 mace (weapon)
 e - a +0 dagger of venom
 j - a +0 hunting sling
 l - a +0 scythe
Missiles
 f - 49 stones (quivered)
 g - 18 arrows
Armour
 b - a +0 robe (worn)
Scrolls
 d - 3 scrolls of identify
 h - a scroll of holy word
 i - a scroll of teleportation
Potions
 c - a potion of might


   Skills:
 + Level 3.5 Fighting
 + Level 4.7 Maces & Flails
 + Level 3.3 Dodging
 + Level 1.4 Stealth


You had 5 spell levels left.
You didn't know any spells.
Your spell library was empty.

Dungeon Overview and Level Annotations

Branches:
Dungeon (3/15)

Altars:
The Shining One

Shops:
D:2 *(=   D:3 *


Innate Abilities, Weirdness & Mutations

You are too large for most types of armour.
You have claws for hands.
Your natural rate of healing is unusually fast.
You are covered in fur. (AC +1)
You have tough skin. (AC +1)


Message History

You climb downwards.
The gnoll hits you from afar with a +2 spear of venom.
You are poisoned.
There is a stone staircase leading up, spattered with blood here.
You feel sick. The gnoll hits you but does no damage.
You are more poisoned.
You hit the gnoll.
The gnoll is heavily wounded.
You feel very sick.
The gnoll hits you with a +2 spear of venom.
You are more poisoned.
You feel very sick.
The gnoll hits you from afar with a +2 spear of venom.
You are more poisoned.
The gnoll hits you from afar with a +0 halberd.
There is a stone staircase leading up, spattered with blood here.
You feel very sick.
The gnoll hits you from afar with a +2 spear of venom!
You are lethally poisoned!
The gnoll closely misses you.
You climb upwards.
* * * LOW HITPOINT WARNING * * *
You feel extremely sick.
There is a stone staircase leading down, spattered with blood here.
There is a lethal amount of poison in your body!
It was a potion of resistance.
You feel protected.
* * * LOW HITPOINT WARNING * * *
You feel very sick.
Unknown command.
Okay, then.
You don't have any unidentified items.
* * * LOW HITPOINT WARNING * * *
You feel very sick.
You see here a +0 flail.
* * * LOW HITPOINT WARNING * * *
You feel very sick.
Okay, then.
You feel very mighty all of a sudden.
You die...

..#....'.....###.#
#.....#....≈..
..#....#####..##.#
#.....#.≈..≈.. ..##'###
#..##.# ##'##.#.≈..≈.. ####.#
#...#.# #.##.'####_## # #)#
#.#.#.# #.####.≈..≈.. # #.#
#.#...# #.####.≈..≈.. # #.#
#..#..####....#....≈.. #
#.#######..#.....######.......
#.#...)......@...'..# ########
####'#.######.#.)...##.#
#.........# #.##>...##.#
#......##.###.##)†..##.#
#...........#.##.#####'####
#.............##.# #.....#
#......♣♣...÷###.# #.....#
####...♣.....# #.# #.....#
#.....♣...# #.#####'####


There were no monsters in sight!

Vanquished Creatures
  Sigmund (D:2)
  A gnoll shaman (D:3)
  6 gnolls (D:2)
  2 adders
  2 worms (D:2)
  4 orcs (D:2)
  5 bats
  4 endoplasms
  3 giant cockroaches
  6 goblins (D:1)
  6 hobgoblins
  4 quokkas
  A ball python (D:2)
  5 frilled lizards
  8 kobolds
  2 rats
60 creatures vanquished.

Vanquished Creatures (others)
  A plant (D:2)
1 creature vanquished.

Grand Total: 61 creatures vanquished

Notes
Turn   | Place    | Note
-------+----------+-------------------------------------------
     0 | D:1      | issech the Troll Monk began the quest for the Orb.
     0 | D:1      | Reached XP level 1. HP: 22/22 MP: 0/0
   138 | D:1      | Reached XP level 2. HP: 29/29 MP: 1/1
   380 | D:1      | Reached skill level 3 in Maces & Flails
   680 | D:1      | Reached XP level 3. HP: 22/36 MP: 2/2
   755 | D:2      | Found Kuet's Weapon Boutique.
  1009 | D:2      | Found a glowing golden altar of the Shining One.
  1090 | D:2      | Found Fuemmer's Jewellery Shoppe.
  1097 | D:2      | Noticed Sigmund
  1126 | D:2      | Killed Sigmund
  1127 | D:2      | Reached skill level 4 in Maces & Flails
  1127 | D:2      | Reached XP level 4. HP: 31/45 MP: 3/3
  1127 | D:2      | Reached XP level 5. HP: 37/53 MP: 4/4
  1164 | D:2      | Found a faded altar of an unknown god.
  1437 | D:2      | Found Ethreup's Assorted Antiques.
  1658 | D:3      | Found Edghel's Assorted Antiques.
  1782 | D:3      | Reached XP level 6. HP: 61/61 MP: 5/5
  2111 | D:2      | HP: 3/61 [poisoned by a gnoll]
  2112 | D:2      | Succumbed to a gnoll's poison

Illustrated notes

Levels and vault maps discovered:
D:1:      dpeg_chamrin_arrival_tetris, layout_rooms
D:2:      layout_basic, shapermc_ecumenical_altar_notcrosses, serial_shops,
          nicolae_shop_overgrown_old_shop, nicolae_shop_trees,
          nicolae_shop_trees, basic_altar, chequers_garden, uniq_sigmund
D:3:      layout_loops_cross, serial_shops, nicolae_diamond_shop, shop, shop,
          nicolae_shop_advertising_works [nicolae_subvault_shop_adworks],
          uniq_terence

Skill      XL: |  1  2  3 |
---------------+----------+-----
Maces & Flails | 3 4 |  4.7
Fighting       | 3 |  3.5
Dodging        | 3 |  3.3
Stealth        | |  1.4

Action                   |  1- 3 |  4- 6 || total
-------------------------+-------+-------++-------
Melee: Mace              |   128 |   103 ||   231
       Punch             |       |     2 ||     2
  Use: Scroll            |       |     4 ||     4
       Potion            |       |     2 ||     2
 Stab: Sleeping          |     2 |     2 ||     4
Armor: Robe              |    58 |    27 ||    85
Dodge: Dodged            |    77 |    93 ||   170
